 Dungeon Crawl Stone Soup version 0.17-a0-1996-gd2c0ec8 (webtiles) character file.

89056 4thArraOfDagon the Grappler (level 15, -6/163 HPs)
             Began as a Pale Draconian Monk on Oct 7, 2015.
             Was a High Priest of Cheibriados.
             Mangled by a naga warrior
             ... wielding a +0 trident
              (19 damage)
             ... on level 4 of the Abyss.
             The game lasted 01:06:30 (8905 turns).

4thArraOfDagon the Grappler (Pale Draconian Monk)   Turns: 8905, Time: 01:06:30

Health: -6/163     AC: 23    Str: 30    XL:     15   Next: 48%
Magic:  9/26       EV: 18    Int: 26    God:    Cheibriados [*****.]
Gold:   494        SH:  0    Dex: 28    Spells: 6 memorised, 8 levels left

rFire  . . .     SeeInvis .       - Unarmed
rCold  . . .     Clarity  +     (armour unavailable)
rNeg   + . .     SustAt   .     (no shield)
rPois  ∞         Gourm    .     (helmet restricted)
rElec  +         Spirit   .     b - +1 cloak
rCorr  .         Warding  .     (gloves currently unavailable)
rMut   .         Stasis   .     (boots currently unavailable)
MR     ++...                    u - amulet of regeneration
Stlth  ++++......               q - ring of protection from magic
                                o - ring "Guruipol" {Dex+5 Stlth+}

@: statue-form, constricted, repel missiles, very slow, very resistant to
hostile enchantments, stealthy
A: (breathe steam), unfitting armour, claws 1, stinger 1, blurry vision 1,
clarity, clumsy 1, dopey 1, low mp 1, mutation resistance 1, poison resistance,
cold-blooded, subdued magic 1, AC +9
a: End Transformation, Bend Time, Temporal Distortion, Slouch, Step From Time,
Renounce Religion


You were on level 4 of the Abyss.
You worshipped Cheibriados.
Cheibriados was extremely pleased with you.
You were not hungry.
You were a stone statue.
You visited 4 branches of the dungeon, and saw 18 of its levels.
You visited the Abyss 1 time.
You also visited: Wizlab.

You collected 1874 gold pieces.
You spent 1380 gold pieces at shops.

Inventory:

Hand Weapons
 y - a +0 blowgun
Missiles
 c - 10 curare-tipped needles
 C - 21 poisoned needles
Armour
 b - a +1 cloak (worn)
 O - a +0 pair of boots (melded)
Magical Staves
 G - an uncursed staff of fire
Jewellery
 h - an uncursed amulet of the gourmand
 j - an uncursed amulet of resist mutation
 o - the ring "Guruipol" (left claw) {Dex+5 Stlth+}
   (You found it on level 7 of the Dungeon)

   [ring of stealth]

   It affects your dexterity (+5).
   It makes you more stealthy.
 q - a ring of protection from magic (right claw)
 r - a +2 ring of protection
 u - an amulet of regeneration (around neck)
 w - an uncursed ring of ice
 L - an uncursed ring of sustain attributes
 M - an uncursed ring of protection from fire
 R - an uncursed ring of ice
 T - an uncursed amulet of clarity
Wands
 d - a wand of polymorph (4)
 i - a wand of teleportation (6)
 t - a wand of heal wounds (3)
 D - a wand of fire (8)
 K - a wand of digging (15)
 P - a wand of polymorph (10)
 Q - a wand of disintegration (0)
 S - a wand of draining (4)
 X - a wand of fire (7)
Scrolls
 k - 2 scrolls of remove curse
 m - a scroll of brand weapon {unknown}
 v - a scroll of holy word
 x - a scroll of enchant armour
 z - a scroll of recharging
 I - a scroll of silence
 W - a scroll of fog
 Z - a scroll of torment {unknown}
Potions
 e - 6 potions of curing
 f - 7 potions of flight
 g - a potion of might
 l - 6 potions of brilliance {unknown}
 A - 2 potions of ambrosia
 B - 2 potions of lignification
 E - a potion of beneficial mutation {unknown}
 F - 4 potions of resistance {unknown}
 N - a potion of cure mutation
 U - 3 potions of agility
Books
 p - a book of the Earth

   Spells                             Type                      Level
   a - Leda's Liquefaction            Hexes/Earth                  4
   b - Bolt of Magma                  Conjuration/Fire/Earth       5
   c - Statue Form                    Transmutation/Earth          6
   d - Iron Shot                      Conjuration/Earth            6
   e - Shatter                        Earth                        9
Miscellaneous
 J - a lamp of fire
Comestibles
 a - 5 bread rations
 s - 10 meat rations


   Skills:
 + Level 10.2 Fighting
 + Level 8.0 Dodging
 * Level 5.6 Stealth
 * Level 13.4 Unarmed Combat
 - Level 10.2 Spellcasting
 - Level 11.0 Transmutations
 - Level 11.1 Earth Magic
 - Level 7.2 Invocations
 - Level 8.0 Evocations


You had 8 spell levels left.
You knew the following spells:

 Your Spells              Type           Power        Failure   Level  Hunger
a - Statue Form           Trmt/Erth      #####....    4%          6    #####..
b - Stoneskin             Trmt/Erth      #####...     0%          2    None
c - Dragon Form           Trmt           #####.....   26%         7    #######
d - Repel Missiles        Chrm/Air       #.....       4%          2    None
e - Conjure Flame         Conj/Fire      #.......     7%          3    None
f - Deflect Missiles      Chrm/Air       #.........   100%        6    #####..


Dungeon Overview and Level Annotations

Branches:
Dungeon (10/15)            Temple (1/1) D:4            Lair (0/8) D:10
    Orc (4/4) D:10            Elf (3/3) Orc:3

Altars:
Ashenzari
Cheibriados
Dithmenos
Fedhas
Gozag
Kikubaaqudgha
Makhleb
Nemelex Xobeh
Okawaru
Qazlal
Ru
Sif Muna
Trog
Vehumet
Xom
Yredelemnul
Zin
The Shining One
Beogh

Shops:
D:8 *   D:10 (*:   Orc:1 [   Orc:4 *=:(   Elf:1 (

Annotations:
D:10 Uberwunderbarhen's ghost, journeyman OpMo
Orc:2 Rupert
Orc:3 Maud
Abyss:4 2 runed doors


Innate Abilities, Weirdness & Mutations

((You can breathe blasts of scalding, opaque steam.))
((Your pale cyan-grey scales are hard (AC +9).))
Your body does not fit into most forms of armour.
You are cold-blooded and may be slowed by cold attacks.
You have sharp fingernails.
Your tail ends in a poisonous barb.
Scrolls take you a little longer to read.
You possess an exceptional clarity of mind.
You are clumsy. (Dex -2)
You are dopey. (Int -2)
Your magical capacity is low (-10% MP).
You are somewhat resistant to further mutation.
Your system is resistant to poisons.
Your spells are a little easier to cast, but a little less powerful.


Message History

Unknown command.
Unknown command.
You mangle the naga warrior!!
You tail-slap the naga warrior, but do no damage.
The naga warrior is moderately wounded.
The naga warrior hits you with a trident.
* * * LOW HITPOINT WARNING * * *
x2 The naga warrior constricts you.
Unknown command.
You closely miss the naga warrior. The naga warrior blocks your attack.
The naga warrior is moderately wounded.
The naga warrior hits you with a trident!!
* * * LOW HITPOINT WARNING * * *
The naga warrior constricts you.
Unknown command.
Unknown command.
You eviscerate the naga warrior!!!
Your tail-slap misses the naga warrior.
The naga warrior is almost dead.
The naga warrior hits you with a trident!!
You die...

. . # ..
.. . .##..
... #..###
.#.# .. #
. .### ##
#..#.. . .
#. . ..#.
# . # ..≈
... .# # .
. ..#####
.## # # ..
.
#N#####≈..
#.. #..
#.#8)#.##
. ..... #
#≈####)#.#
. .. # #
.) ##≈# .
.# .##.##G
#.# ##.
##.#.# .φ
##.# # #
#.# # .≈
.## ..≈ #.
. #.


You could see a naga warrior.

Vanquished Creatures
  A lich (Abyss:4)
  A Cloud Mage (WizLab)
  4 tentacled starspawn
  A deep elf master archer (Elf:3)
  An Executioner (Abyss:4)
  2 orc warlords (Orc:4)
  A deep elf sorcerer (Elf:3)
  A cacodemon (Abyss:4)
  An angel (Abyss:2)
  3 deep elf demonologists (Elf:3)
  A deep elf annihilator (Elf:2)
  A lorocyproca (Abyss:4)
  A deep elf death mage (Elf:3)
  4 ettins (Abyss:4)
  A deep elf high priest (Elf:3)
  A great orb of eyes (Abyss:4)
  The ghost of Nico3ck the Carver, a journeyman MiWz of Okawaru (D:9)
  9 starcursed masses
  A rakshasa (Abyss:4)
  4 orc high priests (Orc:4)
  9 thrashing horrors
  Sonja (Orc:3)
  4 wretched stars
  4 deep elf knights
  2 shadow wraiths (Abyss:4)
  A spatial maelstrom (Abyss:4)
  2 giant orange brains
  3 deep elf summoners
  An ice devil (Abyss:4)
  5 deep elf conjurers
  4 orc sorcerers
  A guardian serpent (Abyss:4)
  A wizard (Abyss:4)
  Maurice (D:9)
  2 smoke demons
  An efreet (Abyss:4)
  5 deep elf priests
  3 freezing wraiths (Abyss:4)
  2 two-headed ogres
  10 raiju (Abyss:4)
  5 trolls
  5 ancient zymes
  8 wind drakes (WizLab)
  28 air elementals (WizLab)
  2 wyverns
  7 flying skulls
  10 deep elf magi
  3 neqoxecs
  2 golden eyes
  3 yaks
  Grum (D:8)
  A chaos spawn (Abyss:4)
  2 wolves (D:8)
  A hungry ghost (D:9)
  5 wargs
  13 deep elf fighters
  A hippogriff (D:10)
  A soldier ant (shapeshifter) (Elf:3)
  7 insubstantial wisps (WizLab)
  2 nagas (Abyss:4)
  49 orc warriors
  A black bear (D:10)
  A wasp (D:8)
  A swamp drake (D:10)
  2 phantoms
  13 ogres
  3 sky beasts
  5 centaurs
  6 large abominations
  A crocodile (D:10)
  3 giant frogs
  2 big kobolds
  A scorpion (D:9)
  A water moccasin skeleton (D:7)
  A manticore simulacrum (Abyss:4)
  10 killer bees
  A quasit (D:7)
  10 small abominations
  4 hounds
  5 crimson imps
  34 orc priests
  30 orc wizards
  2 worker ants
  A human simulacrum (Abyss:2)
  A hound skeleton (D:9)
  A worker ant zombie (D:9)
  7 gnolls
  7 adders
  5 river rats (D:10)
  A white imp (Abyss:3)
  3 shadow imps
  An adder zombie (D:9)
  An adder skeleton (D:5)
  2 worms
  4 giant geckos
  267 orcs
  15 bats
  3 giant cockroaches
  4 goblins (D:2)
  8 hobgoblins
  6 jackals
  3 ball pythons (D:2)
  2 giant newts
  12 kobolds
  2 quokkas
  A quokka skeleton (D:9)
  8 rats
  2 macabre masses (Abyss:4)
  3 starspawn tentacles (Abyss:4)
765 creatures vanquished.

Vanquished Creatures (others)
  A small abomination (Abyss:4)
  An orc (D:10)
  A lurking horror (Abyss:4)
  8 starspawn tentacles
  44 starspawn tentacle segments
55 creatures vanquished.

Grand Total: 820 creatures vanquished

Notes
Turn   | Place    | Note
--------------------------------------------------------------
     0 | D:1      | 4thArraOfDagon the Draconian Monk began the quest for the Orb.
     0 | D:1      | Reached XP level 1. HP: 19/19 MP: 1/1
   121 | D:2      | Reached XP level 2. HP: 21/26 MP: 2/2
   435 | D:2      | Reached XP level 3. HP: 17/33 MP: 3/3
   648 | D:3      | Reached XP level 4. HP: 16/40 MP: 4/4
   692 | D:3      | Found a radiant altar of Vehumet.
   737 | D:4      | Found a staircase to the Ecumenical Temple.
   745 | Temple   | Entered the Ecumenical Temple
   785 | D:4      | Found a sparkling altar of Nemelex Xobeh.
   857 | D:4      | Reached skill level 5 in Unarmed Combat
   895 | D:5      | Entered Level 5 of the Dungeon
  1068 | D:9      | Noticed Nico3ck's ghost (journeyman MiWz)
  1079 | D:9      | Found a shimmering altar of Xom.
  1094 | D:9      | Reached XP level 5. HP: 41/47 MP: 5/5
  1220 | D:9      | Noticed a phantom
  1321 | D:8      | Found Purr's General Store.
  1327 | D:8      | Bought a scroll of teleportation for 36 gold pieces
  1327 | D:8      | Bought a scroll of identify for 24 gold pieces
  1381 | D:8      | Noticed a wolf
  1386 | D:7      | Noticed a phantom
  1399 | D:7      | Got a vibrating gossamer ring
  1408 | D:7      | Identified the ring "Guruipol" {Dex+5 Stlth+} (You found it on level 7 of the Dungeon)
  1444 | D:7      | Killed a phantom
  1444 | D:7      | Reached skill level 6 in Unarmed Combat
  1444 | D:7      | Reached XP level 6. HP: 23/55 MP: 6/6
  1463 | D:7      | Noticed an ogre
  1603 | D:8      | Found a snail-covered altar of Cheibriados.
  1609 | D:8      | Became a worshipper of Cheibriados the Contemplative
  1609 | D:8      | Acquired Cheibriados's first power
  1667 | D:7      | Reached skill level 5 in Fighting
  1844 | D:5      | Reached skill level 1 in Invocations
  1937 | D:6      | Found a bloodstained altar of Trog.
  1937 | D:6      | Noticed a black bear
  1937 | D:6      | Noticed a black bear
  1986 | D:7      | Your scales start taking on a pale cyan-grey colour.
  1986 | D:7      | Reached XP level 7. HP: 56/61 MP: 6/8
  1989 | D:7      | Noticed a centaur
  1989 | D:7      | Noticed a giant frog
  1989 | D:7      | Noticed a big kobold
  2010 | D:6      | Killed an ogre
  2034 | D:7      | Killed a giant frog
  2047 | D:7      | Killed a big kobold
  2072 | D:7      | Killed a centaur
  2072 | D:7      | Reached skill level 7 in Unarmed Combat
  2234 | D:8      | Noticed a centaur
  2242 | D:8      | Killed a centaur
  2242 | D:8      | Acquired Cheibriados's second power
  2268 | D:9      | Found an opulent altar of Gozag.
  2303 | D:9      | Killed a phantom
  2303 | D:9      | Reached XP level 8. HP: 68/70 MP: 10/10
  2319 | D:9      | Noticed a hungry ghost
  2319 | D:9      | Noticed a centaur
  2328 | D:9      | Killed a centaur
  2333 | D:9      | Killed a hungry ghost
  2333 | D:9      | Reached skill level 5 in Dodging
  2337 | D:9      | Noticed a deep elf mage
  2345 | D:9      | Killed a deep elf mage
  2345 | D:9      | Reached skill level 8 in Unarmed Combat
  2367 | D:9      | Noticed a wyvern
  2376 | D:9      | Killed a wyvern
  2397 | D:9      | Noticed a centaur
  2404 | D:9      | Killed a centaur
  2406 | D:9      | Noticed a sky beast
  2409 | D:9      | Noticed a giant frog
  2409 | D:9      | Noticed a troll
  2412 | D:9      | Killed a giant frog
  2416 | D:9      | Gained mutation: Scrolls take you a little longer to read. [potion of mutation]
  2416 | D:9      | Gained mutation: You are clumsy. (Dex -2) [potion of mutation]
  2416 | D:9      | Gained mutation: Your system is resistant to poisons. [potion of mutation]
  2421 | D:9      | Killed a troll
  2421 | D:9      | Reached XP level 9. HP: 40/79 MP: 12/12
  2469 | D:9      | Noticed a troll
  2475 | D:9      | Killed a troll
  2475 | D:9      | Reached skill level 9 in Unarmed Combat
  2567 | D:9      | Noticed a yak
  2573 | D:9      | Killed a yak
  2573 | D:9      | Reached skill level 5 in Invocations
  2639 | D:9      | Acquired Cheibriados's third power
  2644 | D:9      | Killed a sky beast
  2749 | D:10     | Entered Level 10 of the Dungeon
  2749 | D:10     | Noticed Maurice
  2810 | D:10     | Noticed Uberwunderbarhen's ghost (journeyman OpMo)
  2838 | D:8      | Noticed a centaur
  2844 | D:8      | Noticed a wasp
  2849 | D:8      | Noticed an orc warrior
  2850 | D:8      | Killed a centaur
  2889 | D:8      | Noticed a wolf
  2893 | D:8      | Noticed Grum
  2898 | D:8      | Killed a wolf
  2900 | D:8      | Killed a wolf
  2918 | D:8      | Killed Grum
  2944 | D:8      | Killed a wasp
  2944 | D:8      | Reached skill level 10 in Unarmed Combat
  2970 | D:8      | Killed an orc warrior
  2999 | D:9      | Killed Nico3ck's ghost
  2999 | D:9      | Reached XP level 10. HP: 35/88 MP: 8/14
  3087 | D:9      | Killed Maurice
  3212 | D:10     | Found Veutaimeje's Book Boutique.
  3434 | D:10     | Reached skill level 11 in Unarmed Combat
  3464 | D:10     | Found a staircase to the Orcish Mines.
  3529 | Orc:1    | Entered Level 1 of the Orcish Mines
  3577 | Orc:1    | Found a roughly hewn altar of Beogh.
  3910 | D:10     | Found Nyizew's General Store.
  3915 | D:10     | Found Jicih's Weapon Boutique.
  3920 | D:10     | Bought a scroll of recharging for 104 gold pieces
  3922 | D:10     | Bought a potion of agility for 44 gold pieces
  3922 | D:10     | Bought a scroll of identify for 22 gold pieces
  3922 | D:10     | Bought a scroll of fog for 22 gold pieces
  4053 | Orc:2    | Acquired Cheibriados's fourth power
  4130 | Orc:1    | Reached skill level 12 in Unarmed Combat
  4178 | Orc:1    | Reached XP level 11. HP: 97/97 MP: 16/16
  4276 | Orc:1    | Found Vudo's Antique Armour Shop.
  4327 | Orc:1    | Reached skill level 1 in Spellcasting
  4417 | Orc:2    | Noticed Rupert
  4496 | D:10     | Gained mutation: You possess an exceptional clarity of mind. [mutagenic meat]
  4497 | D:10     | Gained mutation: You have sharp fingernails. [mutagenic meat]
  4499 | D:10     | Gained mutation: Your tail ends in a poisonous barb. [mutagenic meat]
  4500 | D:10     | Gained mutation: Your magical capacity is low (-10% MP). [mutagenic meat]
  4501 | D:10     | Gained mutation: You are somewhat resistant to further mutation. [mutagenic meat]
  4538 | D:10     | Bought a book of Transfigurations for 605 gold pieces
  4564 | D:10     | Learned a level 6 spell: Statue Form
  4567 | D:10     | Learned a level 2 spell: Stoneskin
  4696 | D:10     | Found a staircase to the Lair.
  4792 | Orc:3    | Noticed Maud
  4823 | Orc:3    | Noticed Sonja
  4823 | Orc:3    | Reached skill level 1 in Earth Magic
  4823 | Orc:3    | Killed Sonja
  4823 | Orc:3    | Reached skill level 1 in Transmutations
  4867 | Orc:3    | Found a staircase to the Elven Halls.
  4953 | Orc:3    | Learned a level 7 spell: Dragon Form
  4992 | Orc:2    | Paralysed by Rupert for 3 turns
  5076 | Orc:4    | Entered Level 4 of the Orcish Mines
  5432 | Orc:4    | Found Gexkeymn's Antique Weapon Boutique.
  5463 | Orc:4    | Found Batupp's Book Shop.
  5464 | Orc:4    | Noticed an orc warlord
  5468 | Orc:4    | Was placed under penance by Cheibriados
  5480 | Orc:4    | Killed an orc warlord
  5480 | Orc:4    | Reached skill level 5 in Earth Magic
  5488 | Orc:4    | Was forgiven by Cheibriados
  5534 | Orc:4    | Found a roughly hewn altar of Beogh.
  5650 | Orc:4    | Paralysed by an orc sorcerer for 3 turns
  5658 | Orc:4    | Reached skill level 5 in Transmutations
  5853 | Orc:4    | Reached XP level 12. HP: 83/104 MP: 16/16
  6241 | Orc:4    | Noticed an orc warlord
  6263 | Orc:4    | Noticed an orc high priest
  6263 | Orc:4    | Noticed an orc high priest
  6272 | Orc:4    | Killed an orc high priest
  6275 | Orc:4    | Killed an orc high priest
  6334 | Orc:4    | Killed an orc warlord
  6342 | Orc:4    | Noticed an orc high priest
  6352 | Orc:4    | Killed an orc high priest
  6352 | Orc:4    | Reached skill level 5 in Spellcasting
  6387 | Orc:4    | Found Dosaopea's General Store.
  6408 | Orc:4    | Found a roughly hewn altar of Beogh.
  6443 | Orc:4    | Noticed an orc high priest
  6455 | Orc:4    | Killed an orc high priest
  6492 | Orc:4    | Found Varotofa's Jewellery Boutique.
  6500 | Orc:4    | Bought an uncursed ring of protection from magic for 400 gold pieces
  6528 | Orc:4    | Bought a scroll of recharging for 123 gold pieces
  6637 | Elf:1    | Entered Level 1 of the Elven Halls
  6710 | Elf:1    | Noticed a deep elf annihilator
  6945 | Elf:1    | Found Xoarox's Weapon Boutique.
  7106 | Elf:2    | Reached XP level 13. HP: 75/111 MP: 20/20
  7109 | Elf:2    | Noticed a deep elf annihilator
  7144 | Elf:2    | Killed a deep elf annihilator
  7186 | Elf:3    | Entered Level 3 of the Elven Halls
  7323 | Elf:3    | Found a magical portal.
  7326 | WizLab   | Entered The Chambers of Uqakky the Cloud Mage
  7353 | WizLab   | Reached skill level 10 in Earth Magic
  7461 | WizLab   | Reached skill level 10 in Transmutations
  7562 | WizLab   | Noticed Uqakky
  7580 | WizLab   | Killed Uqakky the Cloud Mage
  7643 | WizLab   | Identified the Reference Book on Flight and Combat Magic (You found it in a wizard's laboratory)
  7647 | WizLab   | Learned a level 2 spell: Repel Missiles
  7655 | WizLab   | Learned a level 3 spell: Conjure Flame
  7659 | WizLab   | Identified the Disquisition on Air
  7896 | Elf:3    | Noticed a deep elf annihilator
  7906 | Elf:3    | Noticed a deep elf sorcerer
  7906 | Elf:3    | Killed a deep elf sorcerer
  7929 | Elf:3    | Noticed a deep elf demonologist
  7936 | Elf:3    | Noticed a deep elf master archer
  7936 | Elf:3    | Killed a deep elf master archer
  7936 | Elf:3    | Reached XP level 14. HP: 118/118 MP: 18/23
  7938 | Elf:3    | Killed a deep elf demonologist
  7941 | Elf:3    | Noticed a deep elf demonologist
  7961 | Elf:3    | Noticed a deep elf demonologist
  7962 | Elf:3    | Noticed a deep elf annihilator
  7962 | Elf:3    | Noticed a deep elf blademaster
  7969 | Elf:3    | Killed a deep elf demonologist
  7991 | Elf:3    | Noticed a deep elf demonologist
  7991 | Elf:3    | Noticed a deep elf demonologist
  7993 | Elf:3    | Killed a deep elf demonologist
  7994 | Elf:3    | Noticed an Executioner
  7998 | Elf:3    | Killed an Executioner
  7998 | Elf:3    | Cast into the Abyss (a deep elf demonologist)
  8071 | Abyss:2  | Noticed an angel
  8079 | Abyss:2  | Killed an angel
  8241 | Abyss:3  | Reached skill level 1 in Evocations
  8271 | Abyss:3  | Gained mutation: Your spells are a little easier to cast, but a little less powerful. [a neqoxec]
  8283 | Abyss:3  | Reached skill level 10 in Spellcasting
  8296 | Abyss:3  | Noticed a tentacled starspawn
  8304 | Abyss:3  | Killed a tentacled starspawn
  8361 | Abyss:4  | Noticed a cacodemon
  8363 | Abyss:4  | Noticed a lich
  8364 | Abyss:4  | Noticed an Ice Fiend
  8366 | Abyss:4  | Killed a cacodemon
  8366 | Abyss:4  | Reached skill level 5 in Evocations
  8367 | Abyss:4  | Noticed an Ice Fiend
  8370 | Abyss:4  | Noticed an Executioner
  8371 | Abyss:4  | Killed a lich
  8384 | Abyss:4  | Identified Sif Muna's Tome of Aid (You found it on level 4 of the Abyss)
  8397 | Abyss:4  | Identified the Guide on the Frostbite (You found it on level 4 of the Abyss)
  8405 | Abyss:4  | Identified Sif Muna's Handbook of Talismans
  8413 | Abyss:4  | Learned a level 6 spell: Deflect Missiles
  8416 | Abyss:4  | Identified the Disquisition on Execration
  8435 | Abyss:4  | Identified the Catalogue of Clay (You found it on level 4 of the Abyss)
  8440 | Abyss:4  | Identified the Catalogue of Combat Magic
  8443 | Abyss:4  | Identified Pocuoroq's Papyrus of Talismans
  8471 | Abyss:4  | Noticed a tentacled starspawn
  8483 | Abyss:4  | Killed a tentacled starspawn
  8582 | Abyss:4  | Noticed an Executioner
  8582 | Abyss:4  | Killed an Executioner
  8663 | Abyss:4  | Gained mutation: You are dopey. (Int -2) [a neqoxec]
  8672 | Abyss:4  | Found a runed door.
  8672 | Abyss:4  | Found a runed door.
  8689 | Abyss:4  | Noticed a tentacled starspawn
  8694 | Abyss:4  | Killed a tentacled starspawn
  8694 | Abyss:4  | Reached XP level 15. HP: 125/125 MP: 20/26
  8782 | Abyss:4  | Reached skill level 13 in Unarmed Combat
  8791 | Abyss:4  | Noticed a tentacled starspawn
  8794 | Abyss:4  | Killed a tentacled starspawn
  8815 | Abyss:4  | Reached skill level 5 in Stealth
  8854 | Abyss:4  | Reached skill level 10 in Fighting
  8893 | Abyss:4  | Paralysed by a giant eyeball for 2 turns
  8905 | Abyss:4  | Mangled by a naga warrior

Vault maps used:
D:1:      dpeg_arrival_arbitrary_c
D:2:      wad_river_or_something
D:3:      vehumet_altar_wand_db
D:4:      kennysheep_mini_moat, first_bread, hangedman_decor_slide_cut,
          uniq_crazy_yiuf_cottage
D:6:      trog_ov_bears_minmay, elyvilon_altar_3, uniq_blork_the_orc,
          uniq_prince_ribbit1
D:8:      lemuel_round_altar, serial_shops, shop, uniq_grum
D:9:      minmay_imperfect_grid, lemuel_round_altar,
          nicolae_overflow_crystal_walls
D:10:     grunt_lair_entry_elf_guard_hut, erik_orc_1, serial_shops,
          shop_fountains, shop, shop, uniq_maurice
Temple:   circular_temple_12
Orc:1:    nicolae_orc_accident_1, serial_shops, shop, basic_altar
Orc:2:    uniq_rupert
Orc:3:    nicolae_orc_pool_cavern, uniq_sonja, uniq_maud
Orc:4:    pubby_orc_utopia
Elf:1:    eino_elf_arrival_sip, serial_shops, nicolae_shop_crystal,
          nicolae_elf_v_pinch
Elf:2:    uniq_wiglaf
Elf:3:    elf_hall, mu_enter_wizlab_7, hex_intersection
Abyss:3:  evilmike_abyss_exit_14, evilmike_abyss_exit_16
Abyss:4:  hangedman_abyss_lost_library, grunt_abyss_rune_twisted_forest,
          due_exit_kobolds
WizLab:   wizlab_cloud

Action                   |  1- 3 |  4- 6 |  7- 9 | 10-12 | 13-15 || total
-------------------------+-------+-------+-------+-------+-------++-------
Melee: Unarmed           |   118 |   161 |   262 |   906 |   385 ||  1832
Throw: Throwing net      |       |       |     1 |       |       ||     1
 Cast: Statue Form       |       |       |       |       |    36 ||    36
       Repel Missiles    |       |       |       |       |     2 ||     2
Invok: Slouch            |       |       |     1 |     8 |    10 ||    19
       Bend Time         |       |       |       |     1 |       ||     1
       Temporal Distorti |       |       |       |     2 |     4 ||     6
       Step From Time    |       |       |       |     2 |       ||     2
 Abil: Breathe Steam     |       |       |     3 |    21 |     1 ||    25
       End Transformatio |       |       |       |       |     1 ||     1
Evoke: Wand              |       |       |     3 |     1 |     8 ||    12
  Use: Potion            |     1 |       |     2 |     5 |     3 ||    11
       Scroll            |       |     8 |     1 |    21 |     4 ||    34
 Stab: Sleeping          |     3 |     9 |     6 |    13 |     4 ||    35
       Held in net/web   |       |       |     1 |       |       ||     1
       Distracted        |       |       |     1 |     4 |     3 ||     8
       Confused          |       |       |       |     1 |       ||     1
  Eat: Chunk             |       |     9 |     2 |    27 |     6 ||    44
       Pizza             |       |       |       |       |     2 ||     2
       Beef jerky        |       |       |       |       |     4 ||     4
       Bread ration      |       |       |       |       |     2 ||     2
